 Dungeon Crawl Stone Soup version 0.32-a0-909-gc671339a80 (webtiles) character file.

Game seed: 13383548227124038388

8315 GiantSquids the Cleaver (level 11, -4/95 HPs)
             Began as a Mountain Dwarf Fighter on Apr 6, 2024.
             Was an Elder of Yredelemnul.
             Slain by a slime creature simulacrum (7 damage)
             ... in an ice cave.
             The game lasted 00:21:10 (8387 turns).

GiantSquids the Cleaver (Mountain Dwarf Fighter)    Turns: 8387, Time: 00:21:11

Health: -4/95      AC: 20    Str: 23    XL:     11   Next: 8%
Magic:  17/17      EV:  5    Int:  9    God:    Yredelemnul [****..]
Gold:   791        SH:  6    Dex:  9    Spells: 10/10 levels left

rFire   . . .        a - +1 war axe
rCold   + . .        o - +2 buckler
rNeg    . . .        T - +0 plate armour {rC+}
rPois   +            (no helmet)
rElec   .            (no cloak)
rCorr   .            C - +0 pair of gloves
SInv    .            J - +0 pair of boots
Will    +....        p - amulet of regeneration Stlth
                     l - +4 ring of protection
HPRegen 1.15/turn    S - ring of poison resistance
MPRegen 0.15/turn

%: no passive effects
@: hasted, wreathed by umbra, very quick
A: runic magic, artefact enchanting
a: Renounce Religion, Light the Black Torch, Recall Undead Harvest, Hurl
Torchlight, Bind Soul


You were in an ice cave.
You worshipped Yredelemnul.
Yredelemnul was aware of your devotion.
You visited 1 branch of the dungeon, and saw 12 of its levels.
You also visited: Sewer and Ice Cave.

You collected 817 gold pieces.
You spent 26 gold pieces at shops.

Inventory:

Hand Weapons
 a - a +1 war axe (weapon)
 N - a +0 battleaxe
Missiles
 m - 52 stones (quivered)
 E - a curare-tipped dart
 G - 36 poisoned darts
Armour
 o - a +2 buckler (worn)
 C - a +0 pair of gloves (worn)
 J - a +0 pair of boots (worn)
 T - a +0 plate armour of cold resistance (worn)
Jewellery
 f - an amulet of the acrobat
 g - an amulet of reflection
 l - a +4 ring of protection (left hand)
 p - an amulet of regeneration (around neck)
 u - a ring of see invisible
 B - an amulet of guardian spirit
 O - a ring of ice
 R - an amulet of faith
 S - a ring of poison resistance (right hand)
 U - a ring of fire
Wands
 H - a wand of flame (15)
 I - a wand of light (9)
 L - a wand of digging (8)
Scrolls
 c - 3 scrolls of enchant weapon
 e - 2 scrolls of noise
 h - a scroll of fog
 j - a scroll of vulnerability
 k - 2 scrolls of silence {unknown}
 t - 2 scrolls of immolation
 v - 2 scrolls of butterflies
 w - 2 scrolls of fear
 y - a scroll of poison {unknown}
 z - 3 scrolls of teleportation
 D - a scroll of torment
 K - 2 scrolls of blinking
 V - a scroll of identify
Potions
 b - a potion of cancellation {unknown}
 d - 4 potions of might
 i - 4 potions of curing
 n - a potion of lignification {unknown}
 q - 2 potions of ambrosia {unknown}
 r - 3 potions of magic
 s - 2 potions of mutation {unknown}
 x - a potion of heal wounds {unknown}
 A - 2 potions of brilliance {unknown}
 F - 3 potions of haste
 P - 3 potions of degeneration {unknown}
 Q - 2 potions of invisibility {unknown}


   Skills:
 + Level 8.3 Fighting
 + Level 14.7 Axes
 + Level 8.3 Armour
 - Level 3.2 Shields
 + Level 9.0 Invocations


You had 10 spell levels left.
You didn't know any spells.
Your spell library contained the following spells:

 Spells                   Type           Power      Damage    Failure   Level
 Apportation              Tloc           0%         N/A       67%         1
 Freeze                   Ice            0%         1d3       67%         1
 Necrotise                Necr           0%         1d4       67%         1
 Sandblast                Erth           0%         2d4       67%         1
 Sting                    Conj/Alch      0%         1d3       67%         1
 Summon Small Mammal      Summ           0%         N/A       67%         1
 Blink                    Tloc           0%         N/A       82%         2
 Jinxbite                 Hex            0%         N/A       82%         2
 Lesser Beckoning         Tloc           0%         N/A       82%         2
 Momentum Strike          Conj/Tloc      0%         3d8       82%         2
 Scorch                   Fire           0%         2d5       82%         2
 Frozen Ramparts          Ice            0%         1d1       96%         3
 Hailstorm                Conj/Ice       0%         3d5       96%         3
 Stone Arrow              Conj/Erth      0%         3d7       96%         3
 Summon Ice Beast         Ice/Summ       0%         N/A       96%         3
 Anguish                  Hex/Necr       0%         N/A       100%        4
 Brom's Barrelling Bould  Conj/Erth      0%         2d3       100%        4
 Cause Fear               Hex            0%         N/A       100%        4
 Flame Wave               Conj/Fire      0%         2d4       100%        4
 Olgreb's Toxic Radiance  Alch           0%         N/A       100%        4
 Alistair's Intoxication  Alch           0%         N/A       100%        5
 Borgnjor's Vile Clutch   Necr/Erth      0%         N/A       100%        5
 Eringya's Noxious Bog    Alch           0%         4d6       100%        6
 Permafrost Eruption      Ice/Erth       0%         2x4d1     100%        6
 Sculpt Simulacrum        Ice/Alch       0%         N/A       100%        6
 Summon Cactus Giant      Summ           0%         N/A       100%        6
 Enfeeble                 Hex            0%         N/A       100%        7
 Ozocubu's Refrigeration  Ice            0%         4d7       100%        7
 Discord                  Hex            0%         N/A       100%        8


Dungeon Overview and Level Annotations

Branches:
Dungeon (12/15)            Temple (0/1) D:7            Lair (0/5) D:8
    Orc (0/2) D:9           Sewer (visited)           IceCv (1/1)

Altars:
Cheibriados
Elyvilon
Nemelex Xobeh
Okawaru
Qazlal
Trog
Yredelemnul
The Shining One

Shops:
D:6 ?(=   D:12 :

Annotations:
D:6 2 transporters


Innate Abilities, Weirdness & Mutations

Your spellcasting is much less encumbered by armour.
You can use scrolls of enchantment on lesser artefacts.


Message History

The slime creature simulacrum hits you!
The slime creature simulacrum freezes you!
You resist.
You block the great orb of eyes simulacrum's attack.
You slash the slime creature simulacrum!
The slime creature simulacrum is almost destroyed.
You slash the great orb of eyes simulacrum!
The slime creature simulacrum hits you.
The slime creature simulacrum freezes you!
You resist.
You hit the slime creature simulacrum.
The slime creature simulacrum vaporises!
You hit the great orb of eyes simulacrum.
The great orb of eyes simulacrum bites you.
The great orb of eyes simulacrum freezes you!
You resist.
* * * LOW HITPOINT WARNING * * *
You hit the slime creature simulacrum.
The slime creature simulacrum is lightly damaged.
You hit the great orb of eyes simulacrum.
You slash the slime creature simulacrum!
The slime creature simulacrum is heavily damaged.
You hit the great orb of eyes simulacrum.
The great orb of eyes simulacrum bites you!
* * * LOW HITPOINT WARNING * * *
The great orb of eyes simulacrum freezes you!!
You resist.
* * * LOW HITPOINT WARNING * * *
The slime creature simulacrum hits you but does no damage.
You feel yourself speed up.
The great orb of eyes simulacrum bites you but does no damage.
You hit the slime creature simulacrum.
The slime creature simulacrum is severely damaged.
You slash the great orb of eyes simulacrum!
The slime creature simulacrum hits you.
* * * LOW HITPOINT WARNING * * *
The slime creature simulacrum freezes you!
You resist.
You die...
Your body rises from the dead as a mindless zombie.

.........####
..#####.....###
## ###.....###
####....####
..###.....##
....##.....##
#....##.....#
#....#Z....#
#..Z@....#
###.....##
#######


You could see a slime creature simulacrum and a great orb of eyes simulacrum.

Vanquished Creatures
  A gargoyle (D:11)
  A komodo dragon (D:11)
  2 trolls
  A wraith (D:11)
  8 yaks
  A wyvern (D:7)
  A steam dragon (D:7)
  A vampire mosquito (D:10)
  Duvessa (D:6)
  2 water moccasins
  2 great orb of eyes simulacra (IceCv)
  5 orc warriors
  3 sky beasts
  2 ice beasts
  2 centaurs
  An ogre (D:7)
  A phantom (D:5)
  A slime creature simulacrum (IceCv)
  6 kobold brigands (Sewer)
  3 scorpions
  4 bullfrogs
  5 wights
  Dowan (D:6)
  5 killer bees
  The ghost of KennySheep the Sneak, a weakling AtDe (D:5)
  A hound (D:5)
  2 jellies
  2 bombardier beetles
  A gnoll bouda (D:7)
  4 orc priests
  4 iguanas
  5 orc wizards
  A shapeshifter simulacrum (IceCv)
  6 adders
  9 gnolls
  An ufetubus (D:6)
  2 ribbon worms (D:2)
  2 dart slugs
  31 orcs
  12 bats
  5 endoplasms
  14 giant cockroaches
  9 goblins
  6 hobgoblins
  4 jackals (D:2)
  16 kobolds
  3 quokkas
  A ball python (D:2)
  6 frilled lizards
  5 rats
213 creatures vanquished.

Vanquished Creatures (collateral kills)
  A yak (D:9)
  2 vampire mosquitoes (D:10)
  An orc warrior (D:8)
  A sky beast (D:7)
  A centaur (D:10)
  A kobold brigand (D:9)
  A wight (D:9)
  11 killer bees
  2 howler monkeys
  A bombardier beetle (D:6)
  2 hounds
  An orc priest (D:8)
  2 orc wizards
  2 gnolls
  An adder (D:5)
  An ufetubus (D:6)
  4 orcs
  A ball python (D:5)
  A frilled lizard (Sewer)
  7 kobolds
  A butterfly (D:7)
45 creatures vanquished.

Vanquished Creatures (others)
  A water moccasin zombie (D:7)
  A yak zombie (D:10)
  A centaur zombie (D:10)
  A scorpion zombie (D:7)
  4 killer bee zombies
  A howler monkey zombie (D:10)
  A steam dragon zombie (D:7)
  An iguana zombie (D:5)
  A bat zombie (Sewer)
  2 gnoll zombies (D:7)
  5 orc zombies
  A rat zombie (Sewer)
20 creatures vanquished.

Grand Total: 278 creatures vanquished

Notes
Turn   | Place    | Note
-------+----------+-------------------------------------------
     0 | D:1      | GiantSquids the Mountain Dwarf Fighter began the quest for
                  | the Orb.
     0 | D:1      | Reached XP level 1. HP: 19/19 MP: 1/1
   152 | D:1      | Reached skill level 3 in Axes
   179 | D:1      | Reached XP level 2. HP: 24/26 MP: 2/2
   615 | D:2      | Reached skill level 4 in Axes
   618 | D:2      | Reached XP level 3. HP: 21/31 MP: 3/3
   914 | D:2      | Reached skill level 5 in Axes
   946 | D:2      | Reached XP level 4. HP: 38/38 MP: 4/4
  1947 | D:3      | Reached skill level 6 in Axes
  1951 | D:3      | Reached XP level 5. HP: 40/45 MP: 5/5
  2115 | D:4      | Found a basalt altar of Yredelemnul.
  2174 | D:4      | Found a white marble altar of Elyvilon.
  2281 | D:4      | Became a worshipper of Yredelemnul the Fallen
  2463 | D:4      | Reached skill level 7 in Axes
  2767 | D:4      | Found a snail-covered altar of Cheibriados.
  2849 | D:5      | Entered Level 5 of the Dungeon
  2871 | D:5      | Reached XP level 6. HP: 11/51 MP: 6/6
  2916 | D:5      | Found a runed translucent door.
  2922 | D:5      | Reached skill level 8 in Axes
  2922 | D:5      | Found a glowing golden altar of the Shining One.
  2933 | D:5      | Noticed KennySheep's ghost (weakling AtDe)
  3076 | D:5      | Found a sparkling altar of Nemelex Xobeh.
  3083 | D:5      | Found a glowing drain.
  3095 | Sewer    | Entered a sewer
  3136 | Sewer    | Reached skill level 9 in Axes
  3194 | Sewer    | Reached XP level 7. HP: 40/57 MP: 7/7
  3245 | Sewer    | Reached skill level 10 in Axes
  3249 | Sewer    | Reached * piety under Yredelemnul
  3525 | D:5      | Reached skill level 11 in Axes
  3528 | D:5      | Found an iron altar of Okawaru.
  3650 | D:5      | Reached XP level 8. HP: 63/63 MP: 8/8
  4008 | D:5      | Killed KennySheep's ghost
  4073 | D:6      | Reached skill level 12 in Axes
  4292 | D:6      | Found a transporter.
  4355 | D:6      | Found Jeocwai's Weapon Shoppe.
  4355 | D:6      | Found Feczull's Magic Scroll Shoppe.
  4357 | D:6      | Found Mirphal's Jewellery Shoppe.
  4357 | D:6      | Found Ysufelec's Distillery.
  4380 | D:6      | Bought a scroll of identify for 26 gold pieces
  4482 | D:6      | Noticed Duvessa
  4482 | D:6      | Noticed Dowan
  4495 | D:6      | Killed Duvessa
  4495 | D:6      | Reached ** piety under Yredelemnul
  4496 | D:6      | Reached skill level 1 in Invocations
  4503 | D:6      | Killed Dowan
  4733 | D:6      | Found a transporter.
  4866 | D:7      | Found a staircase to the Ecumenical Temple.
  4929 | D:7      | Reached XP level 9. HP: 72/72 MP: 11/11
  4977 | D:7      | Reached skill level 5 in Fighting
  4977 | D:7      | Reached skill level 13 in Axes
  4977 | D:7      | Reached skill level 5 in Armour
  5138 | D:7      | Reached skill level 5 in Invocations
  5154 | D:7      | Found a bloodstained altar of Trog.
  5685 | D:8      | Found a staircase to the Lair.
  5879 | D:8      | Reached *** piety under Yredelemnul
  6493 | D:8      | Reached XP level 10. HP: 83/84 MP: 14/14
  6626 | D:9      | Found a staircase to the Orcish Mines.
  6701 | D:9      | Reached skill level 14 in Axes
  6816 | D:9      | Reached **** piety under Yredelemnul
  7083 | D:10     | Entered Level 10 of the Dungeon
  7723 | D:11     | Found a stormy altar of Qazlal.
  7934 | D:11     | Noticed a gargoyle
  7945 | D:11     | Killed a gargoyle
  7961 | D:11     | Reached XP level 11. HP: 74/94 MP: 17/17
  8268 | D:12     | Noticed a purple ugly thing
  8280 | D:12     | Found Kafu's Vocational Training.
  8292 | D:12     | Found a frozen archway.
  8299 | IceCv    | Entered an ice cave
  8385 | IceCv    | HP: 2/95 [great orb of eyes simulacrum (19)]
  8387 | IceCv    | Slain by a slime creature simulacrum

Illustrated notes

Levels and vault maps discovered:
D:1:      wander_arrival_desolate, layout_basic
D:2:      minmay_roachtagon, layout_basic, kennysheep_decorative_pillar
D:3:      layout_basic
D:4:      nicolae_cairo_tiling, layout_rooms, chei_slow_surprise,
          kennysheep_ying_yang
D:5:      layout_cave_pods, tso_oasis_becter, mainiacjoe_overflow_alcove_2,
          nemelex_xobeh_ov_fountains_minmay, cheibrodos_sewer_entry_drain,
          gammafunk_ghost_grave
D:6:      gammafunk_cloud_chamber, layout_loops_cross, minmay_shop_grid_forest,
          hangedman_decor_push, uniq_duvessa
D:7:      layout_basic, mainiacjoe_overflow_small_starburst,
          minmay_temple_entry_butterflies
D:8:      layout_loops_corners, dpeg_oklobed_lair
D:9:      layout_rooms, david_orc_2
D:10:     layout_roguey
D:11:     layout_rooms, minivault_21, minivault_10,
          nicolae_qazlal_scattered_showers
D:12:     layout_loops_ring, enter_trove_0, portal_ice_cave_entry_pillars_1,
          nicolae_shop_vocational
IceCv:    ice_cave_hellmonk_azure_passage

Skill      XL: |  1  2  3  4  5  6  7  8  9 10 11 |
---------------+----------------------------------+-----
Axes           | 3 4 5 6 7 9 11 12 13 14 | 14.7
Invocations    | 3 6 8 9 |  9.0
Fighting       | 4 6 8 |  8.3
Armour         | 4 6 8 |  8.3
Shields        | |  3.2

Action                     |  1- 3 |  4- 6 |  7- 9 | 10-12 || total
---------------------------+-------+-------+-------+-------++-------
  Melee: War axe           |    95 |   168 |   327 |   192 ||   782
 Invoke: Light the Black T |       |     3 |     3 |     4 ||    10
    Use: Scroll            |       |       |     8 |     6 ||    14
         Potion            |       |       |     2 |     1 ||     3
   Stab: Distracted        |       |       |     1 |     1 ||     2
         Confused          |       |       |     1 |       ||     1
 Armour: Scale mail        |    49 |   161 |    85 |       ||   295
         Plate armour      |       |       |   175 |   167 ||   342
  Dodge: Dodged            |    36 |    71 |    99 |    55 ||   261
  Block: Buckler           |    46 |    50 |   103 |    69 ||   268

Table legend: (Time is in decaauts)
 A = Elapsed time spent in this place.
 B = Non-inter-level travel time spent in this place.
 C = Inter-level travel time spent in this place.
 D = Time resting spent in this place.
 E = Time spent auto-exploring this place.
 F = Levels seen in this place.
 G = Mean time per level.
                   A        B        C        D        E       F      G
               +--------+--------+--------+--------+--------+-----+--------+
         Total |   8428 |   7995 |    433 |      0 |   6050 |  14 |  602.0 |
       Dungeon |   7998 |   7565 |    433 |      0 |   5831 |  12 |  666.5 |
         Sewer |    345 |    345 |      0 |      0 |    169 |   1 |  345.0 |
      Ice Cave |     84 |     84 |      0 |      0 |     50 |   1 |   84.0 |
               +--------+--------+--------+--------+--------+-----+--------+

Top non-repeatable levels by time:
     D:5: 881 daAuts
     D:8: 869 daAuts
     D:7: 866 daAuts
     D:4: 820 daAuts
     D:2: 774 daAuts
     D:6: 758 daAuts
     D:3: 690 daAuts
    D:11: 639 daAuts
     D:1: 620 daAuts
    D:10: 528 daAuts
     D:9: 518 daAuts
   Sewer: 345 daAuts
   IceCv: 84 daAuts
    D:12: 31 daAuts
